 Dungeon Crawl Stone Soup version 0.31-a0-675-g238779eb0a (webtiles) character file.

Game seed: 3093585639712610876

37 Xavori the Trooper (level 3, -10/27 HPs)
             Began as an Octopode Chaos Knight on Sept 5, 2023.
             Was a Plaything of Xom.
             Mangled by a naga (17 damage)
             ... on level 1 of the Dungeon.
             The game lasted 00:00:27 (469 turns).

Xavori the Trooper (Octopode Chaos Knight)           Turns: 469, Time: 00:00:29

Health: -10/27     AC:  1    Str: 11    XL:     3   Next: 39%
Magic:  3/3        EV: 10    Int: 14    God:    Xom [..*...]
Gold:   4          SH:  0    Dex: 13    Spells: 2/2 levels left

rFire   . . .        a - +0 short sword (chaos)
rCold   . . .        (no shield)
rNeg    . . .        (helmet restricted)
rPois   .            (no amulet)
rElec   .            (no ring)
rCorr   .            (no ring)
SInv    .            (no ring)
Will    .....        (no ring)
Stlth   ++           (no ring)
HPRegen 0.24/turn    (no ring)
MPRegen 0.08/turn    (no ring)
                     (no ring)

%: no passive effects
@: constricted
A: almost no armour, amphibious, 8 rings, camouflage 1, gelatinous body 1,
(nimble swimmer 1), tentacles
a: Renounce Religion


You were on level 1 of the Dungeon.
You worshipped Xom.
You were a toy of Xom.
You visited 1 branch of the dungeon, and saw 1 of its levels.

You collected 4 gold pieces.

Inventory:

Hand Weapons
 a - a +0 short sword of chaos (weapon)
Scrolls
 b - a scroll of butterflies
 c - a scroll of brand weapon {unknown}
 d - 2 scrolls of enchant armour {unknown}
 e - a scroll of vulnerability {unknown}
Potions
 f - a potion of attraction {unknown}


   Skills:
 + Level 3.6 Fighting
 + Level 3.5 Short Blades
 + Level 2.6 Dodging
 + Level 0.2 Stealth


You had 2 spell levels left.
You didn't know any spells.
Your spell library contained the following spells:

 Spells                   Type           Power      Damage    Failure   Level
 Ozocubu's Armour         Ice            0%         N/A       65%         3
 Ozocubu's Refrigeration  Ice            0%         4d7       100%        7


Dungeon Overview and Level Annotations

Branches:
Dungeon (1/15)

Altars:


Innate Abilities, Weirdness & Mutations

You cannot wear most types of armour.
You are amphibious.
You can wear up to eight rings at the same time.
Your skin changes colour to match your surroundings (Stealth+).
Your rubbery body absorbs attacks. (AC +1, EV +1)
((You are camouflaged when in or above water. (Stealth+)))
You have tentacles for arms and can constrict up to eight enemies at once.


Message History

You constrict the jackal. The jackal bites you. The jackal misses you.
You hit the jackal.
The jackal is poisoned.
The jackal is severely wounded.
You constrict the jackal.
You kill the jackal!
The jackal bites you. The giant cockroach barely misses you.
There are monsters nearby!
You hit the giant cockroach.
The giant cockroach evaporates and reforms as a naga!
You squeeze the naga, but do no damage.
The naga is lightly wounded.
The jackal barely misses you.
There are monsters nearby!
You barely miss the naga. You squeeze the naga, but do no damage.
The naga is lightly wounded.
The jackal closely misses you. The naga hits you! The naga closely misses you.
The goblin barely misses you. The jackal closely misses you.
Unknown command.
Unknown command.
You closely miss the naga.
The naga is lightly wounded.
The naga spits poison at you. The splash of poison misses you.
The goblin barely misses you. The jackal barely misses you.
You hit the naga but do no damage. Your squeeze misses the naga.
The naga is lightly wounded.
The naga hits you. The naga grabs you. The naga constricts you.
The jackal bites you. The goblin barely misses you.
Unknown command.
You are too injured to fight recklessly!
Unknown command.
You are too injured to fight recklessly!
You hit the naga but do no damage.
Your tentacle-slap misses the naga.
The naga is lightly wounded.
The jackal bites you.
* * * LOW HITPOINT WARNING * * *
The naga hits you!
Ouch! That really hurt!
You die...
Xom thinks this is hilarious!

###..........#
#...........
##...#...##..
##########......(..#..
#.....................
#..............)......
#....!................
#.....................
#...g@................
#...Nh.(!.##..........
#.........##..........
#.........##...⌠....'#
#.........##.......##.
#...>.....##.....###..
##########.......#...#
...#....##(###
##..'##.###


You could see a naga (catching breath), a jackal and a goblin.

Vanquished Creatures
  A gnoll (D:1)
  A dart slug (D:1)
  5 endoplasms (D:1)
  2 hobgoblins (D:1)
  A jackal (D:1)
  4 kobolds (D:1)
  A quokka (D:1)
  A bat (D:1)
  2 frilled lizards (D:1)
  4 goblins (D:1)
22 creatures vanquished.

Notes
Turn   | Place    | Note
-------+----------+-------------------------------------------
     0 | D:1      | Xavori the Octopode Chaos Knight began the quest for the
                  | Orb.
     0 | D:1      | Reached XP level 1. HP: 16/16 MP: 1/1
    36 | D:1      | Reached XP level 2. HP: 7/21 MP: 2/2
   187 | D:1      | XOM: silly message
   256 | D:1      | Reached XP level 3. HP: 26/26 MP: 3/3
   372 | D:1      | XOM: 2-stop teleportation journey
   465 | D:1      | a giant cockroach changed into a naga
   465 | D:1      | Noticed a naga
   469 | D:1      | Mangled by a naga

Illustrated notes

Levels and vault maps discovered:
D:1:      nicolae_arrival_somewhat_less_tricky_arrival, layout_rooms

Action                     || total
---------------------------++-------
  Melee: Short sword       ||    50
         Tentacles         ||    10
         Constrict         ||    12
         Punch             ||     1
   Stab: Paralysed         ||     1
         Sleeping          ||     1
 Armour: Skin              ||    19
  Dodge: Dodged            ||    30

Table legend: (Time is in decaauts)
 A = Elapsed time spent in this place.
 B = Non-inter-level travel time spent in this place.
 C = Inter-level travel time spent in this place.
 D = Time resting spent in this place.
 E = Time spent auto-exploring this place.
 F = Levels seen in this place.
 G = Mean time per level.
                   A        B        C        D        E       F      G
               +--------+--------+--------+--------+--------+-----+--------+
         Total |    461 |    461 |      0 |    146 |    200 |   1 |  461.0 |
       Dungeon |    461 |    461 |      0 |    146 |    200 |   1 |  461.0 |
               +--------+--------+--------+--------+--------+-----+--------+

Top non-repeatable levels by time:
     D:1: 461 daAuts
